 Dungeon Crawl Stone Soup version 0.17.0-15-g6d90897 (webtiles) character file.

3290 tp1 the Infuser (level 9, 0/45 HPs)
             Began as a Deep Elf Conjurer on Nov 10, 2015.
             Was a Follower of Vehumet.
             Slain by a snapping turtle (12 damage)
             ... on level 8 of the Dungeon.
             The game lasted 00:44:34 (11020 turns).

tp1 the Infuser (Deep Elf Conjurer)                Turns: 11020, Time: 00:44:34

Health: 0/45       AC: 10    Str:  5    XL:     9   Next: 69%
Magic:  16/23      EV: 12    Int: 24    God:    Vehumet [*.....]
Gold:   355        SH:  6    Dex: 18    Spells: 4 memorised, 11 levels left

rFire  . . .     SeeInvis .     L - +5 mace
rCold  . . .     Clarity  .     w - +3 leather armour {rN+}
rNeg   + . .     SustAt   .     k - +0 buckler
rPois  .         Gourm    .     l - +1 helmet
rElec  .         Spirit   .     J - +0 cloak
rCorr  .         Warding  .     (no gloves)
rMut   .         Stasis   .     (no boots)
MR     .....                    (no amulet)
Stlth  +.........               d - +3 ring of dexterity
                                P - +2 ring of slaying

@: not resistant to hostile enchantments, very unstealthy
A: no striking features
a: Renounce Religion


You were on level 8 of the Dungeon.
You worshipped Vehumet.
Vehumet was aware of your devotion.
You were not hungry.

You visited 2 branches of the dungeon, and saw 9 of its levels.

You collected 355 gold pieces.

Inventory:

Hand Weapons
 q - a +0 rapier
 I - a +0 short sword of venom
 L - a +5 mace (weapon)
Missiles
 v - 2 poisoned javelins (quivered)
Armour
 a - a +0 robe
 k - a +0 buckler (worn)
 l - a +1 helmet (worn)
 w - a +3 leather armour of positive energy (worn)
 J - a +0 cloak (worn)
Rods
 z - a -3 iron rod (12/12)
   (You took it off an orc on level 6 of the Dungeon)
Jewellery
 d - a +3 ring of dexterity (right hand)
 e - an uncursed ring of stealth
 y - an uncursed ring of sustain attributes
 C - an uncursed ring of protection from cold
 P - a +2 ring of slaying (left hand)
Wands
 n - a wand of random effects (14)
 u - a wand of random effects (20)
 K - a wand of disintegration (11)
 N - a wand of frost (30)
Scrolls
 f - 3 scrolls of random uselessness
 m - 2 scrolls of remove curse
 A - a scroll of magic mapping
 B - a scroll of amnesia {unknown}
 D - 2 scrolls of recharging
 E - a scroll of teleportation {unknown}
 F - a scroll of immolation {unknown}
 M - a scroll of enchant weapon {unknown}
Potions
 h - 6 potions of curing
 i - 2 potions of heal wounds
 o - 2 potions of cancellation
 p - 2 potions of agility
 s - a potion of flight
 t - 2 potions of degeneration {unknown}
 x - 2 potions of haste {unknown}
 O - a potion of resistance {unknown}
Books
 b - a book of Conjurations

   Spells                             Type                      Level
   a - Magic Dart                     Conjuration                  1
   b - Searing Ray                    Conjuration                  2
   c - Dazzling Spray                 Conjuration/Hexes            3
   d - Fulminant Prism                Conjuration/Hexes            4
   e - Iskenderun's Mystic Blast      Conjuration                  4
   f - Iskenderun's Battlesphere      Conjuration/Charms           5
 r - a book of Cantrips

   Spells                             Type                      Level
   a - Corona                         Hexes                        1
   b - Animate Skeleton               Necromancy                   1
   c - Summon Small Mammal            Summoning                    1
   d - Apportation                    Translocation                1
 G - a book of Changes

   Spells                             Type                      Level
   a - Beastly Appendage              Transmutation                1
   b - Sticks to Snakes               Transmutation                2
   c - Spider Form                    Transmutation/Poison         3
   d - Ice Form                       Ice/Transmutation            4
   e - Blade Hands                    Transmutation                5
 H - a book of the Earth

   Spells                             Type                      Level
   a - Leda's Liquefaction            Hexes/Earth                  4
   b - Bolt of Magma                  Conjuration/Fire/Earth       5
   c - Statue Form                    Transmutation/Earth          6
   d - Iron Shot                      Conjuration/Earth            6
   e - Shatter                        Earth                        9
Comestibles
 c - 4 bread rations
 g - a slice of pizza
 j - 2 meat rations


   Skills:
 - Level 5.0 Armour
 - Level 2.4 Dodging
 - Level 2.4 Stealth
 - Level 5.2 Shields
 + Level 8.2 Spellcasting
 - Level 8.0 Conjurations
 - Level 8.3 Charms
 - Level 1.5 Earth Magic


You had 11 spell levels left.
You knew the following spells:

 Your Spells              Type           Power        Failure   Level  Hunger
a - Magic Dart            Conj           ####         1%          1    None
b - Searing Ray           Conj           #####.       1%          2    None
c - Bolt of Magma         Conj/Fire/Erth ####......   80%         5    #####..
d - Iskenderun's Battles  Conj/Chrm      #####...     12%         5    #####..


Dungeon Overview and Level Annotations

Branches:
Dungeon (8/15)             Temple (1/1) D:5
   Lair: D:8-11

Altars:
Ashenzari
Dithmenos
Elyvilon
Fedhas
Gozag
Kikubaaqudgha
Nemelex Xobeh
Okawaru
Qazlal
Ru
Sif Muna
Trog
Vehumet
Xom
Yredelemnul
The Shining One

Shops:
D:4 ?   D:5 !

Annotations:
D:7 Rayvis's ghost, novice MiFi


Message History

The barrage of energy hits the snapping turtle.
The snapping turtle is lightly wounded.
An electric eel comes into view.
Casting: Magic Dart
Confirm with . or Enter, or press ? or * to list all spells.
Aiming: Magic Dart
Press: ? - help, Shift-Dir - straight line, f/p - snapping turtle
Aim: a snapping turtle (water, lightly wounded)
The magic dart hits the snapping turtle.
The snapping turtle is lightly wounded.
Your battlesphere fires!
The barrage of energy hits the snapping turtle.
The snapping turtle is lightly wounded.
The electric eel shoots out a bolt of lightning at you!
The bolt of electricity hits you! Why would you want to do that?
The snapping turtle bites you from afar!
* * * LOW HITPOINT WARNING * * *
The snapping turtle bites you from afar!
You die...

#................#...
#.##########.#####...
#.# #.# #... #.#
#.######## #.#
#......... #.#
########## ##.## #
#≈#≈≈≈### ≈≈≈
#≈≈≈≈≈@####≈≈≈≈
#≈≈≈≈≈≈≈≈≈t≈≈≈≈≈≈
##≈≈≈≈≈≈≈≈≈≈≈≈≈≈≈
#≈≈≈≈≈≈*≈≈≈≈≈≈≈##
≈≈≈≈≈≈≈†..≈≈≈≈≈≈≈≈
≈≈≈≈≈≈..P♣.≈≈≈≈≈≈≈
≈≈≈≈≈≈..♣♣...≈;≈≈≈≈
≈≈≈≈.♣ P♣.≈≈≈≈≈≈ ≈≈.
. .≈†≈≈≈≈


You could see a snapping turtle and an electric eel.

Vanquished Creatures
  Maurice (D:7)
  Eustachio (D:4)
  3 vampire mosquitoes (D:8)
  A black bear (D:7)
  4 ice beasts
  A phantom (D:6)
  An orc warrior (D:8)
  A necrophage (D:5)
  2 ogres
  2 centaurs
  2 giant frogs
  3 scorpions
  The ghost of emiel the Ruffian, a weakling DDTm (D:3)
  2 electric eels (D:8)
  A giant frog zombie (D:8)
  5 hounds
  2 iguanas
  2 jellies (D:6)
  2 orc priests
  2 centaur skeletons
  5 worker ants
  2 orc wizards
  Robin (D:4)
  18 adders
  2 shadow imps
  An adder skeleton (D:5)
  3 worms
  A giant gecko (D:8)
  39 orcs
  13 bats
  9 giant cockroaches
  11 goblins
  15 hobgoblins
  13 jackals
  10 kobolds
  6 quokkas
  4 ball pythons
  5 giant newts
  2 quokka skeletons
  11 rats
210 creatures vanquished.

Notes
Turn   | Place    | Note
--------------------------------------------------------------
     0 | D:1      | tp1 the Deep Elf Conjurer began the quest for the Orb.
     0 | D:1      | Reached XP level 1. HP: 10/10 MP: 6/6
   314 | D:1      | Reached XP level 2. HP: 15/15 MP: 4/8
   320 | D:1      | Learned a level 2 spell: Searing Ray
   404 | D:1      | Reached skill level 5 in Conjurations
  1581 | D:2      | Reached XP level 3. HP: 19/19 MP: 0/9
  1666 | D:2      | Found a faded altar to an unknown god.
  2000 | D:2      | Reached skill level 6 in Conjurations
  2046 | D:2      | Reached XP level 4. HP: 13/24 MP: 0/10
  2553 | D:2      | Found a faded altar to an unknown god.
  3003 | D:3      | Noticed emiel's ghost (weakling DDTm)
  3007 | D:3      | Killed emiel's ghost
  3007 | D:3      | Reached skill level 5 in Spellcasting
  3007 | D:3      | Reached XP level 5. HP: 24/28 MP: 8/14
  3168 | D:3      | Learned a level 5 spell: Iskenderun's Battlesphere
  3256 | D:3      | Reached skill level 1 in Charms
  4200 | D:4      | Found Umnoxutu's Magic Scroll Shop.
  4317 | D:4      | Noticed Robin
  4351 | D:4      | Killed Robin
  4631 | D:4      | Found a sacrificial altar of Ru.
  4633 | D:4      | Reached XP level 6. HP: 32/32 MP: 13/16
  4728 | D:4      | Found a stormy altar of Qazlal.
  4734 | D:4      | Noticed an ogre
  4740 | D:4      | Killed an ogre
  4740 | D:4      | Reached skill level 5 in Charms
  4877 | D:4      | HP: 1/32 [poisoned by a worker ant]
  5245 | D:4      | Noticed Eustachio
  5330 | D:4      | Killed Eustachio
  5330 | D:4      | Reached skill level 7 in Charms
  5330 | D:4      | Reached XP level 7. HP: 36/36 MP: 6/17
  5630 | D:4      | Reached skill level 8 in Charms
  5943 | D:4      | Found a sacrificial altar of Ru.
  6098 | D:4      | Found Umnoxutu's Magic Scroll Shop.
  6120 | D:4      | Found a stormy altar of Qazlal.
  6534 | D:5      | Entered Level 5 of the Dungeon
  6582 | D:5      | Found Nuyrus's Distillery.
  6767 | D:5      | Found an opulent altar of Gozag.
  6870 | D:5      | Found a staircase to the Ecumenical Temple.
  6882 | Temple   | Entered the Ecumenical Temple
  7466 | D:6      | Found a deep blue altar of Sif Muna.
  7508 | D:6      | Reached skill level 1 in Shields
  7508 | D:6      | Reached XP level 8. HP: 41/41 MP: 11/18
  7812 | D:6      | Found a sparkling altar of Nemelex Xobeh.
  7816 | D:6      | Found an ancient bone altar of Kikubaaqudgha.
  7950 | D:6      | Found a basalt altar of Yredelemnul.
  8464 | D:6      | Found a radiant altar of Vehumet.
  8472 | D:6      | Became a worshipper of Vehumet
  8638 | D:6      | Found a sparkling altar of Nemelex Xobeh.
  8640 | D:6      | Found an ancient bone altar of Kikubaaqudgha.
  8643 | D:6      | Reached skill level 5 in Shields
  8667 | D:6      | Found a basalt altar of Yredelemnul.
  8836 | D:6      | Found a deep blue altar of Sif Muna.
  8956 | D:6      | Found a radiant altar of Vehumet.
  9359 | D:7      | Reached skill level 1 in Armour
  9478 | D:7      | Learned a level 5 spell: Bolt of Magma
  9491 | D:7      | Reached XP level 9. HP: 45/45 MP: 1/19
  9526 | D:7      | Noticed Rayvis's ghost (novice MiFi)
  9854 | D:8      | Noticed Maurice
  9972 | D:7      | Killed Maurice
 10329 | D:8      | Found a shimmering altar of Xom.
 10353 | D:8      | Reached * piety under Vehumet
 10353 | D:8      | Offered knowledge of Sting by Vehumet.
 10396 | D:8      | Reached skill level 5 in Armour
 10405 | D:8      | Found a blossoming altar of Fedhas.
 10419 | D:8      | Reached skill level 1 in Earth Magic
 10674 | D:8      | Found a shadowy altar of Dithmenos.
 11020 | D:8      | Slain by a snapping turtle

Action                   |  1- 3 |  4- 6 |  7- 9 || total
-------------------------+-------+-------+-------++-------
Melee: Unarmed           |     3 |       |       ||     3
       Rapier            |       |    12 |     5 ||    17
       Mace              |       |       |     2 ||     2
 Cast: Magic Dart        |    66 |    76 |   170 ||   312
       Searing Ray       |     4 |    28 |    12 ||    44
       Iskenderun's Batt |       |     1 |    38 ||    39
Evoke: Wand              |       |       |     1 ||     1
       Rod               |       |       |     1 ||     1
  Use: Scroll            |       |     7 |     2 ||     9
  Eat: Chunk             |     3 |    10 |    25 ||    38
       Bread ration      |       |       |     2 ||     2
       Beef jerky        |       |       |     1 ||     1
